Map: Nightshade LE

Players

liquidthermy (uThermal) - Winner!

  • Race: Terran Terran
  • Spawn Location: 11:00

LiquidClem (Clem)

  • Race: Terran Terran
  • League: Master
  • Spawn Location: 5:00

VOD

https://www.youtube.com/watch?v=Ggy6U-Ixh-0

Description

Time

  • Played on: May 6, 2020, 1:34 p.m.
  • Length: 13:16
Show
View Real Time Build Order
Export as new Build Order

liquidthermy Terran - Winner!

Build Orders: 1/1/1, Liberator Opening 

Get SALT Encoding   

  12  0:01  SCV  
  13  0:13  SCV  
  14  0:18  Supply Depot  
  14  0:25  SCV  
  14  0:27  Refinery  
  15  0:39  SCV  
  16  0:44  Barracks  
  16  0:51  SCV  
  16  0:54  Refinery  
  17  1:03  SCV  
  18  1:16  SCV  
  19  1:31  Reaper, Orbital Command  
  20  1:33  Factory  
  20  1:42  Supply Depot  
  20  1:56  SCV  
  21  2:03  Reaper  
  21  2:08  SCV  
  23  2:18  Hellion  
  23  2:20  SCV  
  23  2:22  Starport  
  26  2:29  Supply Depot  
  26  2:32  SCV  
  26  2:35  Reaper  
  28  2:39  Hellion  
  30  2:57  Liberator  
  33  3:00  Hellion  
  33  3:05  Supply Depot  
  35  3:07  Reaper  
  36  3:21  Command Center  
  36  3:22  Hellion  
  36  3:24  SCV  
  39  3:36  SCV  
  39  3:40  Barracks Reactor  
  40  3:43  Factory Tech Lab  
  40  3:44  Starport Tech Lab  
  40  3:48  SCV  
  41  3:56  Supply Depot, Refinery  
  41  4:00  SCV  
  42  4:04  Cyclone  
  45  4:12  SCV  
  46  4:18  Marine x2  
  46  4:21  Raven  
  48  4:24  SCV  
  47  4:33  Orbital Command  
  47  4:36  SCV, Marine  
  47  4:45  Siege Tank  
  50  4:48  SCV  
  50  4:52  Marine  
  52  4:54  Marine  
  52  4:59  SCV  
  54  5:00  SCV  
  54  5:04  Raven  
  57  5:09  Marine  
  57  5:11  SCV, Marine  
  57  5:12  SCV  
  59  5:17  Supply Depot  
  59  5:20  Siege Tank  
  62  5:23  SCV  
  62  5:26  SCV  
  64  5:31  Command Center  
  64  5:32  Marine x2  
  64  5:35  SCV  
  67  5:38  SCV  
  67  5:42  Supply Depot  
  68  5:47  SCV  
  69  5:50  SCV  
  69  5:54  Siege Tank  
  73  5:59  SCV  
  73  6:03  Viking x2  
  78  6:04  SCV  
  78  6:05  Supply Depot, Marine  
  78  6:09  Stimpack  
  80  6:13  SCV  
  80  6:14  Supply Depot  
  80  6:15  Refinery  
  80  6:16  SCV  
  82  6:25  SCV  
  83  6:26  Siege Tank  
  83  6:27  Supply Depot  
  83  6:28  SCV  
  86  6:34  Viking  
  86  6:37  SCV, Marine  
  90  6:42  Viking  
  90  6:44  SCV  
  90  6:49  Supply Depot  
  91  6:55  Marine  
  91  6:57  SCV x2  
  91  6:58  Siege Tank  
  96  7:04  Viking  
  96  7:05  Engineering Bay  
  96  7:06  Engineering Bay  
  98  7:09  SCV x2  
  98  7:11  Refinery x2  
  98  7:12  Viking  
  102  7:21  SCV x2, Orbital Command  
  102  7:22  Marine  
  104  7:31  Siege Tank  
  104  7:33  SCV x2  
  104  7:36  Viking  
  92  7:40  Marine  
  92  7:44  Viking  
  81  7:45  SCV x2  
  83  7:52  SCV  
  83  7:57  SCV x2  
  83  7:58  Marine  
  85  8:03  Siege Tank  
  85  8:04  SCV  
  84  8:07  Viking  
  84  8:09  SCV, Terran Infantry Armor Level 1  
  84  8:11  SCV, Barracks x2  
  88  8:16  SCV, Marine  
  88  8:22  Viking  
  88  8:23  SCV  
  89  8:31  Terran Infantry Weapons Level 1  
  89  8:32  SCV  
  89  8:34  Marine  
  86  8:35  SCV, Siege Tank  
  86  8:40  SCV  
  89  8:44  SCV  
  89  8:45  Combat Shield, Barracks x2  
  89  8:48  SCV  
  93  8:51  Marine  
  93  8:52  SCV  
  95  8:56  SCV  
  95  8:59  Barracks Reactor, Medivac x2  
  95  9:00  Barracks Reactor  
  95  9:01  SCV  
  99  9:04  Armory, SCV  
  99  9:07  Missile Turret  
  99  9:08  SCV, Missile Turret  
  99  9:09  Missile Turret, Marine  
  102  9:11  Siege Tank  
  102  9:13  SCV  
  106  9:18  Supply Depot  
  106  9:20  SCV  
  107  9:27  Marine  
  107  9:29  Command Center  
  108  9:34  Barracks Reactor x2  
  108  9:35  Sensor Tower  
  108  9:38  Marine x3  
  110  9:42  Marine  
  110  9:43  Siege Tank  
  110  9:45  Marine  
  116  9:47  Medivac x2  
  120  9:54  Supply Depot  
  120  9:55  Marine  
  120  9:56  Marine x2  
  120  9:59  Marine  
  123  10:03  Marine  
  123  10:05  Supply Depot  
  125  10:07  Terran Infantry Armor Level 2  
  125  10:11  Marine x4  
  125  10:12  Supply Depot x2  
  125  10:13  Marine x2  
  125  10:14  Supply Depot, Marine  
  132  10:15  Siege Tank  
  132  10:17  Marine  
  132  10:19  Supply Depot  
  132  10:20  Marine  
  137  10:24  Medivac x2  
  137  10:26  Terran Infantry Weapons Level 2  
  137  10:27  Supply Depot  
  141  10:29  Marine x3  
  141  10:30  Marine  
  141  10:31  Marine  
  141  10:32  Marine  
  147  10:35  SCV  
  147  10:36  Marine  
  147  10:39  SCV  
  150  10:43  SCV, Marine x2  
  150  10:48  SCV, Marine x2  
  156  10:52  Sensor Tower  
  156  10:54  Medivac  
  156  10:57  Marine  
  156  10:58  Marine x2  
  156  10:59  Medivac, Planetary Fortress  
  156  11:01  SCV  
  156  11:02  Marine x2  
  164  11:05  Siege Tank  
  164  11:07  Marine x2  
  164  11:09  SCV, Marine  
  171  11:12  SCV  
  171  11:15  Marine  
  171  11:18  Marine  
  174  11:24  Liberator  
  177  11:25  Marine  
  177  11:26  Marine  
  177  11:29  Marine, Liberator  
  177  11:31  Marine x2  
  177  11:32  Marine  
  180  11:33  Marine  
  180  11:34  SCV x2  
  180  11:35  SCV, Marine  
  180  11:36  Marine  
  186  11:43  Marine x2  
  186  11:44  SCV, Supply Depot  
  186  11:46  SCV  
  188  11:47  Marine  
  188  11:49  Marine  
  188  11:51  SCV  
  188  11:52  Marine  
  188  11:53  Marine  
  187  11:56  Marine x2  
  187  11:58  Marine  
  187  12:00  SCV  
  191  12:05  Barracks x2, Siege Tank  
  191  12:06  Marine  
  191  12:07  Medivac, Barracks  
  197  12:12  SCV x2, Supply Depot  
  197  12:14  Marine  
  200  12:38  Marine  
  200  12:56  Marine  
  184  13:01  SCV  
  193  13:15  Command Center  
Show
View Real Time Build Order
Export as new Build Order

LiquidClem Terran 

Build Orders: Gas First Reaper Expand 

Get SALT Encoding   

  12  0:00  SCV  
  13  0:12  SCV  
  14  0:16  Supply Depot  
  14  0:24  SCV  
  15  0:29  Refinery  
  15  0:38  SCV  
  16  0:44  Barracks  
  16  0:50  SCV  
  17  1:02  SCV  
  18  1:14  SCV  
  19  1:31  Reaper, Orbital Command  
  20  1:44  Command Center  
  20  1:55  Factory  
  20  1:58  SCV  
  21  2:07  Barracks Reactor  
  21  2:10  SCV  
  21  2:13  Supply Depot  
  22  2:18  Refinery  
  22  2:23  SCV  
  23  2:35  SCV  
  24  2:43  Starport  
  24  2:47  Hellion x2  
  24  2:48  SCV  
  29  2:56  Orbital Command  
  29  2:57  Barracks Tech Lab  
  29  3:01  SCV  
  30  3:08  Hellion  
  30  3:12  Hellion  
  34  3:14  SCV  
  35  3:21  Starport Tech Lab  
  35  3:22  SCV  
  35  3:23  Refinery  
  37  3:27  SCV  
  37  3:31  Supply Depot  
  37  3:36  SCV  
  37  3:39  Cyclone, Marine  
  42  3:41  Marine  
  42  3:44  SCV  
  42  3:48  Raven  
  46  3:52  SCV  
  47  3:56  SCV, Supply Depot  
  47  3:59  Marine x2  
  50  4:05  SCV  
  51  4:11  SCV  
  51  4:13  Siege Tank  
  54  4:17  SCV  
  54  4:23  Marine x2  
  49  4:29  SCV  
  46  4:36  SCV  
  46  4:41  SCV  
  46  4:45  Marine x2  
  49  4:48  SCV  
  50  4:53  Raven  
  50  4:54  SCV  
  50  4:57  Supply Depot  
  53  5:00  SCV  
  53  5:06  SCV  
  55  5:10  Marine x2, Siege Tank  
  55  5:12  SCV  
  61  5:16  Supply Depot  
  61  5:18  SCV  
  62  5:25  SCV  
  63  5:30  SCV  
  64  5:37  SCV  
  64  5:40  Supply Depot  
  64  5:42  SCV, Siege Tank  
  69  5:43  Marine  
  69  5:47  Viking x2  
  69  5:49  SCV  
  75  5:54  SCV  
  75  5:55  Command Center  
  76  6:01  SCV  
  76  6:02  Supply Depot  
  77  6:04  Stimpack  
  77  6:05  Marine  
  77  6:09  SCV  
  79  6:12  Supply Depot  
  79  6:13  SCV  
  79  6:16  Refinery, Siege Tank  
  83  6:21  SCV  
  83  6:22  Viking  
  83  6:23  Marine  
  87  6:29  SCV  
  88  6:33  Viking  
  88  6:34  Supply Depot  
  88  6:36  SCV  
  91  6:41  SCV, Marine  
  93  6:48  SCV  
  93  6:53  SCV  
  95  6:57  Viking  
  95  6:59  Marine  
  95  7:00  SCV  
  99  7:03  Viking  
  99  7:07  Siege Tank  
  104  7:13  SCV, Supply Depot  
  105  7:17  Marine  
  105  7:25  SCV  
  105  7:26  SCV  
  105  7:27  Barracks x2  
  106  7:33  SCV  
  106  7:35  Marine  
  94  7:37  SCV  
  94  7:38  SCV  
  87  7:44  Siege Tank  
  87  7:45  Viking  
  87  7:47  Viking  
  91  7:52  Combat Shield, Marine  
  91  7:54  SCV  
  91  7:56  Orbital Command  
  92  7:59  SCV  
  81  8:06  SCV  
  81  8:10  Marine  
  81  8:11  SCV  
  84  8:16  Barracks Reactor, Barracks Tech Lab, Siege Tank  
  84  8:18  SCV, Barracks x2  
  88  8:21  Engineering Bay  
  88  8:23  SCV, Engineering Bay  
  88  8:25  SCV  
  90  8:28  Marine  
  90  8:30  SCV  
  92  8:35  SCV  
  92  8:40  SCV, Refinery, Marauder  
  92  8:41  Refinery  
  92  8:43  SCV  
  92  8:45  Concussive Shells  
  92  8:46  Medivac x2, Marauder  
  99  8:49  SCV  
  99  8:52  SCV, Siege Tank  
  99  8:54  Terran Infantry Weapons Level 1, Terran Infantry Armor Level 1  
  104  8:56  Supply Depot, Marine x2  
  104  9:02  Marauder  
  108  9:08  Barracks Reactor, Barracks Tech Lab  
  108  9:11  Command Center  
  108  9:14  Supply Depot  
  108  9:17  Marine x2  
  108  9:18  Marauder  
  108  9:20  SCV x2  
  108  9:23  Marauder  
  116  9:27  Siege Tank  
  116  9:29  Marauder  
  116  9:30  Medivac  
  123  9:34  Medivac  
  123  9:36  Marine x2  
  123  9:37  Supply Depot  
  127  9:39  Armory, Marauder  
  127  9:42  SCV x3  
  127  9:45  Marine x2  
  134  9:47  Marauder  
  134  9:51  Supply Depot  
  134  9:52  Marauder  
  138  9:54  Marine  
  138  9:56  Marine  
  140  10:03  Marine  
  140  10:05  Siege Tank  
  146  10:10  Viking x2, Supply Depot, Starport  
  146  10:12  Marine x2  
  146  10:13  SCV x2  
  153  10:14  Marine  
  152  10:21  Factory  
  152  10:22  Barracks Reactor, Supply Depot  
  152  10:23  Marine x2  
  152  10:24  Barracks Reactor  
  152  10:25  Planetary Fortress  
  152  10:26  SCV  
  152  10:28  Barracks  
  155  10:30  SCV  
  155  10:32  Sensor Tower  
  156  10:35  Missile Turret  
  156  10:40  Marine x2  
  156  10:41  Siege Tank  
  156  10:42  SCV  
  162  10:45  SCV  
  162  10:49  Viking x2, Marine x2  
  165  10:50  Marine  
  164  10:57  SCV, Marine  
  164  10:58  SCV, Marine  
  164  11:00  Marine x2  
  164  11:01  Marine  
  164  11:03  Refinery  
  164  11:04  Refinery  
  168  11:07  Marine x2  
  168  11:08  Marine x2, Siege Tank  
  174  11:15  Marine x2  
  174  11:16  Siege Tank  
  173  11:21  Supply Depot  
  173  11:25  Marine x3  
  173  11:31  Medivac, Marine  
  177  11:33  Marine  
  177  11:34  Marine x5  
  177  11:39  Supply Depot  
  183  11:40  Siege Tank  
  183  11:42  Viking, Sensor Tower  
  183  11:43  Marine x3  
  189  11:49  Marine  
  189  11:51  Marine  
  189  11:52  Marine x2  
  189  11:53  Marine x3, Siege Tank  
  195  12:01  Marine  
  196  12:04  Marine  
  196  12:05  Command Center  
  196  12:06  Marine  
  196  12:07  Marine  
  199  12:10  Missile Turret  
  199  12:12  Marine  
  200  12:28  Command Center  
  190  12:38  Marine  
  190  12:39  Marine x2, Siege Tank  
  185  12:44  Marine x5, Siege Tank  
  185  12:45  Marine x2  
  189  12:56  Marine  
  189  12:57  Marine x2  
Tags
 
Add a new tag
Caveats
  • Supply blocks, unpowered buildings, or Contaminate may cause inaccurate times.
  • Supply counts are checked every 10 seconds.